 Dungeon Crawl Stone Soup version 0.23-a0-329-g6f3f904 (webtiles) character file.

401 Amnesiac the Digger (level 6, -6/46 HPs)
             Began as a Demigod Earth Elementalist on Oct 16, 2018.
             Mangled by a river rat (7 damage)
             ... in a sewer.
             The game lasted 00:09:37 (3084 turns).

Amnesiac the Digger (Demigod Earth Elementalist)    Turns: 3084, Time: 00:09:38

Health: -6/46      AC:  3    Str: 11    XL:     6   Next: 29%
Magic:  9/14       EV: 13    Int: 23    God:
Gold:   121        SH:  0    Dex: 16    Spells: 4/12 levels left

rFire    . . .     SeeInvis .   a - +2 dagger (elec)
rCold    . . .     Gourm    +   (no shield)
rNeg     . . .     Faith    .   c - +0 robe
rPois    .         Spirit   .   (no helmet)
rElec    .         Reflect  .   (no cloak)
rCorr    .         Harm     .   (no gloves)
MR       .....     Rnd*Tele +   (no boots)
Stlth    ++........             e - amulet of the gourmand
HPRegen  0.15/turn              n - ring of teleportation (curse)
MPRegen  0.14/turn              (no ring)

@: very slightly contaminated
A: rugged brown scales 1, deterioration 1, high mp 1, wild magic 1
a: no special abilities


You were in a sewer.
You were not hungry.

You visited 1 branch of the dungeon, and saw 4 of its levels.
You also visited: Sewer.

You collected 121 gold pieces.

Inventory:

Hand Weapons
 a - a +2 dagger of electrocution (weapon)
 g - a +2 dagger of venom
Armour
 c - a +0 robe (worn)
Jewellery
 e - an amulet of the gourmand (around neck)
 n - a cursed ring of teleportation (left hand)
Scrolls
 h - a scroll of teleportation {!r}
Potions
 j - a potion of might {!q}
 k - a potion of degeneration {!q}
Comestibles
 d - 4 rations
 f - 4 chunks of flesh


   Skills:
 - Level 2.4 Dodging
 - Level 1.7 Stealth
 + Level 3.5 Spellcasting
 - Level 0.8 Transmutations
 * Level 5.5 Earth Magic


You had 4 spell levels left.
You knew the following spells:

 Your Spells              Type           Power        Failure   Level  Hunger
a - Sandblast             Erth           #####.       2%          1    None
b - Passwall              Tmut/Erth      ###.....     7%          2    #......
d - Lee's Rapid Deconstr  Erth           #####.....   38%         5    ######.

Your spell library contained the following spells:

 Spells                   Type           Power        Failure   Level  Hunger
 Stone Arrow              Conj/Erth      ###...       16%         3    ###....
 Petrify                  Tmut/Erth      ###.....     36%         4    ####...


Dungeon Overview and Level Annotations

Branches:
Dungeon (4/15)
 Temple: D:4-7


Innate Abilities, Weirdness & Mutations

You have an increased reservoir of magic. (+10% MP)
You are partially covered in rugged brown scales. (AC +1, +3% HP)
Your body sometimes deteriorates upon taking damage.
Your spells are a little harder to cast, but a little more powerful.


Message History

Aim: a river rat (moderately wounded)
You don't have any stones to cast with.
Unknown command.
Casting: Sandblast (safe; 2% risk of failure)
Confirm with . or Enter, or press ? or * to list all spells.
Aiming: Sandblast (safe; 2% risk of failure)
Press: ? - help, Shift-Dir - straight line, f/p - river rat
Aim: a river rat (moderately wounded)
You don't have any stones to cast with.
Unknown command.
Casting: Sandblast (safe; 2% risk of failure)
Confirm with . or Enter, or press ? or * to list all spells.
Aiming: Sandblast (safe; 2% risk of failure)
Press: ? - help, Shift-Dir - straight line, f/p - river rat
Aim: a river rat (moderately wounded)
You don't have any stones to cast with.
You closely miss the river rat.
The river rat is moderately wounded.
The river rat bites you!
* * * LOW HITPOINT WARNING * * *
Okay, then.
Casting: Sandblast (safe; 2% risk of failure)
Confirm with . or Enter, or press ? or * to list all spells.
Okay, then.
Casting: Sandblast (safe; 2% risk of failure)
Confirm with . or Enter, or press ? or * to list all spells.
The spell is very dangerous to cast (38% risk of failure)!
Continue anyway?
Okay, then.
Okay, then.
Casting: Lee's Rapid Deconstruction (very dangerous; 38% risk of failure)
Confirm with . or Enter, or press ? or * to list all spells.
You don't know that spell.
Drop what? 11/52 slots (_ for help) (? for menu, Esc to quit)
Okay, then.
Unknown command.
Casting: Lee's Rapid Deconstruction (very dangerous; 38% risk of failure)
Confirm with . or Enter, or press ? or * to list all spells.
The spell is very dangerous to cast (38% risk of failure)!
Continue anyway? [Y]es or [N]o only, please.
The spell is very dangerous to cast (38% risk of failure)!
Continue anyway?
Aiming: Lee's Rapid Deconstruction (very dangerous; 38% risk of failure)
Press: ? - help, Dir - move target cursor, p - river rat A stone wall.
You miscast Lee's Rapid Deconstruction.
You are very lightly contaminated with residual magic.
You feel gritty. The river rat bites you!
* * * LOW HITPOINT WARNING * * *
Unknown command.
Really quaff
q - a potion of magic {!q}?
Magic courses through your body. The river rat bites you.
* * * LOW HITPOINT WARNING * * *
Casting: Lee's Rapid Deconstruction (very dangerous; 38% risk of failure)
Confirm with . or Enter, or press ? or * to list all spells.
The spell is very dangerous to cast (38% risk of failure)!
Continue anyway?
Aiming: Lee's Rapid Deconstruction (very dangerous; 38% risk of failure)
Press: ? - help, Dir - move target cursor A stone wall.
The wall shatters!
The blast of rock fragments hits the river rat.
The river rat is almost dead.
The blast of rock fragments hits the rat.
You kill the rat!
The river rat bites you!
You die...

###
#@#
#r#
#.#
#.#
#∩#
#.#
#∩#
#.#
#.#


You could see a river rat.

Vanquished Creatures
  An ogre (D:4)
  A scorpion (D:4)
  A hound (D:4)
  2 bullfrog skeletons (D:4)
  An orc wizard (D:4)
  2 worker ants
  2 adders
  An adder skeleton (D:4)
  2 worms (D:2)
  2 dart slugs (D:2)
  4 leopard geckos
  4 orcs
  8 bats
  4 giant cockroaches
  3 goblins
  8 hobgoblins
  6 jackals
  2 quokkas
  2 ball pythons (D:3)
  4 frilled lizards
  7 kobolds
  8 rats
75 creatures vanquished.

Notes
Turn   | Place    | Note
-------+----------+-------------------------------------------
     0 | D:1      | Amnesiac the Demigod Earth Elementalist began the quest for
                  | the Orb.
     0 | D:1      | Reached XP level 1. HP: 14/14 MP: 5/5
   131 | D:1      | Reached skill level 3 in Earth Magic
   391 | D:2      | Reached XP level 2. HP: 20/20 MP: 2/7
   581 | D:2      | Learned a level 2 spell: Passwall
   640 | D:3      | Reached XP level 3. HP: 26/26 MP: 1/9
  1395 | D:2      | Found an ornate altar of the Wu Jian Council.
  1568 | D:2      | Reached XP level 4. HP: 6/33 MP: 6/10
  2054 | D:3      | Reached skill level 4 in Earth Magic
  2772 | D:4      | Reached XP level 5. HP: 19/38 MP: 8/12
  2788 | D:4      | Learned a level 5 spell: Lee's Rapid Deconstruction
  2951 | D:4      | Reached skill level 5 in Earth Magic
  2954 | D:4      | Gained mutation: Your spells are a little harder to cast,
                  | but a little more powerful. [potion of mutation]
  2954 | D:4      | Gained mutation: Your body sometimes deteriorates upon
                  | taking damage. [potion of mutation]
  2954 | D:4      | Gained mutation: You are partially covered in rugged brown
                  | scales. (AC +1, +3% HP) [potion of mutation]
  3012 | D:4      | Noticed an ogre
  3030 | D:4      | Killed an ogre
  3030 | D:4      | Reached XP level 6. HP: 16/46 MP: 6/14
  3039 | D:4      | Found a glowing drain.
  3066 | Sewer    | Entered a sewer
  3082 | Sewer    | HP: 2/46 [river rat (7)]
  3084 | Sewer    | Mangled by a river rat

Vault maps used:
D:1:      psy_arrival_dodecagon, supply_closet_lemuel, serial_bayou_ford_a,
          grunt_decor_mini_mirrors, hangedman_decor_riveting,
          lemuel_old_faithful
D:2:      nicolae_overflow_crystal_walls, minivault_4, dk_noncrumbling_4,
          minmay_misc_feat_five
D:3:      kennysheep_generic_room_4
D:4:      led_xom_imps, portal_sewer_entry_f, first_ration
Sewer:    sewer_kobolds

Skill      XL: |  1  2  3  4  5 |
---------------+----------------+-----
Earth Magic    | 3 4 5 |  5.5
Spellcasting   | 2 3 |  3.5
Dodging        | 2 |  2.4
Stealth        | |  1.7
Transmutations | |  0.8

Action                   |  1- 3 |  4- 6 || total
-------------------------+-------+-------++-------
Melee: Unarmed           |     4 |       ||     4
       Dagger            |    11 |    98 ||   109
 Cast: Sandblast         |    51 |    22 ||    73
       Passwall          |       |     2 ||     2
       Lee's Rapid Decon |       |     1 ||     1
  Use: Scroll            |       |     7 ||     7
       Potion            |       |     5 ||     5
 Stab: Sleeping          |       |     2 ||     2
  Eat: Chunk             |     2 |    12 ||    14
Armor: Robe              |     8 |    15 ||    23
Dodge: Dodged            |    24 |    88 ||   112

Table legend:
 A = Non-vault XP
 B = Vault XP
 C = Vault XP percentage of total XP
 D = Non-vault monster count
 E = Vault monster count
 F = Vault count percentage of total count
                 A         B        C        D         E       F
            +---------+---------+-------+---------+---------+-------
      Total |     554 |      20 |   3.5 |      65 |      10 |  13.3
            +---------+---------+-------+---------+---------+-------
        D:1 |      37 |       0 |   0.0 |      20 |       0 |   0.0
        D:2 |      72 |       0 |   0.0 |      11 |       0 |   0.0
        D:3 |      48 |       5 |   9.4 |      22 |       2 |   8.3
        D:4 |     397 |      12 |   2.9 |      12 |       5 |  29.4
      Sewer |       0 |       3 | 100.0 |       0 |       3 | 100.0
            +---------+---------+-------+---------+---------+-------
